 Dungeon Crawl Stone Soup version 0.28.0-49-g6dfe1f597d (webtiles) character file.

Game seed: 3228846645947187877

27 Zeld the Firebug (level 2, -1/15 HPs)
             Began as a Deep Elf Fire Elementalist on May 19, 2022.
             Slain by an adder (3 damage)
             ... on level 1 of the Dungeon.
             The game lasted 00:01:22 (1704 turns).

Zeld the Firebug (Deep Elf Fire Elementalist)       Turns: 1704, Time: 00:01:22

Health: -1/15      AC:  2    Str:  5    XL:     2   Next: 93%
Magic:  12/17      EV: 12    Int: 19    God:
Gold:   0          SH:  0    Dex: 15    Spells: 4/7 levels left

rFire   . . .      SeeInvis .   a - +1 dagger (venom)
rCold   . . .      Faith    .   (no shield)
rNeg    . . .      Spirit   .   b - +0 robe
rPois   +          Reflect  .   (no helmet)
rElec   .          Harm     .   (no cloak)
rCorr   .          Rampage  .   (no gloves)
Will    .....                   (no boots)
Stlth   ++........              (no amulet)
HPRegen 0.05/turn               e - ring of magical power
MPRegen 0.15/turn               f - ring of poison resistance

@: no status effects
A: no striking features
a: no special abilities


You were on level 1 of the Dungeon.
You visited 1 branch of the dungeon, and saw 2 of its levels.

Inventory:

Hand Weapons
 a - a +1 dagger of venom (weapon)
Armour
 b - a +0 robe (worn)
Jewellery
 e - a ring of magical power (left hand)
 f - a ring of poison resistance (right hand)
Potions
 c - 2 potions of heal wounds {unknown}
 d - a potion of might {unknown}


   Skills:
 + Level 2.5 Dodging
 - Level 2.4 Stealth
 * Level 3.3 Spellcasting
 + Level 1.1 Conjurations
 * Level 4.3 Fire Magic


You had 4 spell levels left.
You knew the following spells:

 Your Spells              Type           Power      Damage    Failure   Level
a - Foxfire               Conj/Fire      52%        2x1d6     4%          1
b - Scorch                Fire           38%        2d6       3%          2

Your spell library contained the following spells:

 Spells                   Type           Power      Damage    Failure   Level
 Conjure Flame            Conj/Fire      13%        6-21      14%         3
 Inner Flame              Hex/Fire       11%        N/A       19%         3
 Flame Wave               Conj/Fire      13%        2d6       43%         4


Dungeon Overview and Level Annotations

Branches:
Dungeon (2/15)

Altars:

Annotations:
D:2 Natasha


Message History

The hobgoblin is almost dead.
The hobgoblin's fire resistance burns away.
The adder bites you.
Natasha mumbles some strange words.
The adder bites you but does no damage.
The hobgoblin is no longer more vulnerable to fire.
The crimson imp blinks!
The shadow imp lashes its tail.
Casting: Scorch (safe; 3% risk of failure)
Confirm with . or Enter, or press ? or * to list all spells.
Flames lash the adder.
The adder is heavily wounded.
The adder's fire resistance burns away.
The adder barely misses you. The adder completely misses you.
Unknown command.
Casting: Scorch (safe; 3% risk of failure)
Confirm with . or Enter, or press ? or * to list all spells.
Flames lash the hobgoblin.
You kill the hobgoblin!
The adder barely misses you.
The adder is no longer more vulnerable to fire.
Natasha casts a spell.
The adder bites you. The adder bites you. The adder closely misses you.
The adder completely misses you. The adder bites you.
* * * LOW HITPOINT WARNING * * *
The adder bites you.
* * * LOW HITPOINT WARNING * * *
There is a stone staircase leading up here.
The adder bites you but does no damage.
You climb upwards.
There is a stone staircase leading down here.
Casting: Scorch (safe; 3% risk of failure)
Confirm with . or Enter, or press ? or * to list all spells.
Flames lash the adder.
The adder is heavily wounded.
The adder's fire resistance burns away.
The adder bites you.
You die...

# ### ##### ######..
##...## #......♣
#.....##########.##.##≈
#....S@..........##....
#.....######.#.#######♣
##...## #.###...# ##.##
##.#.##.# #.# ##.###.#
#.# #..##.# #.# ##.##.#
#.# #.##.# #.# #.##.#


You could see an adder (combustible).

Vanquished Creatures
  3 endoplasms
  5 hobgoblins
  3 ball pythons
  A bat (D:1)
  A frilled lizard (D:1)
  4 goblins (D:1)
  6 kobolds (D:1)
  2 rats (D:1)
25 creatures vanquished.

Vanquished Creatures (others)
  27 foxfires (D:1)
27 creatures vanquished.

Grand Total: 52 creatures vanquished

Notes
Turn   | Place    | Note
-------+----------+-------------------------------------------
     0 | D:1      | Zeld the Deep Elf Fire Elementalist began the quest for the
                  | Orb.
     0 | D:1      | Reached XP level 1. HP: 10/10 MP: 6/6
   609 | D:1      | Reached XP level 2. HP: 15/15 MP: 1/8
   612 | D:1      | Learned a level 2 spell: Scorch
   785 | D:1      | Reached skill level 4 in Fire Magic
  1652 | D:2      | Noticed Natasha
  1656 | D:2      | Noticed a crimson imp
  1676 | D:2      | Noticed a crimson imp
  1684 | D:2      | Noticed a crimson imp
  1704 | D:1      | Slain by an adder

Illustrated notes

Levels and vault maps discovered:
D:1:      mushboom_english_gardens, layout_loops_ring,
          minmay_misc_feat_diagonals, serial_bayou_crossing
D:2:      layout_basic, dilly_ecumenical_altar_fadedgnrine,
          uniq_crazy_yiuf_cottage, uniq_robin, uniq_natasha

Skill      XL: |  1  2 |
---------------+-------+-----
Fire Magic     | 4 |  4.3
Dodging        | |  2.5
Stealth        | |  2.4
Spellcasting   | |  3.3
Conjurations   | |  1.1

Action                   || total
-------------------------++-------
Melee: Unarmed           ||     3
       Dagger            ||     5
 Cast: Foxfire           ||    16
       Scorch            ||    21
Armor: Robe              ||     2
Dodge: Dodged            ||    15
